 Dungeon Crawl Stone Soup version 0.17-a0-1485-g22cb0ee (webtiles) character file.

65 Fluffy the Ruffian (level 4, 0/40 HPs)
             Began as a Ghoul Monk on July 5, 2015.
             Slain by Crazy Yiuf
             ... wielding a +4 quarterstaff of chaos
              (2 damage)
             ... on level 2 of the Dungeon.
             The game lasted 00:03:00 (1776 turns).

Fluffy the Ruffian (Ghoul Monk)                     Turns: 1776, Time: 00:03:00

Health: 0/40       AC:  6    Str: 15    XL:     4   Next: 13%
Magic:  3/3        EV: 10    Int:  5    God:
Gold:   59         SH:  0    Dex: 11    Spells: 0 memorised, 3 levels left

rFire  . . .     SeeInvis .       - Unarmed
rCold  + . .     Clarity  .     c - +0 scale mail
rNeg   + + +     SustAt   .     (no shield)
rPois  ∞         Gourm    .     (no helmet)
rElec  .         Spirit   .     (no cloak)
rCorr  .         Warding  .     (no gloves)
rMut   .         Stasis   .     (no boots)
MR     .....                    (no amulet)
Stlth  ..........               (no ring)
                                (no ring)

@: rotting, not resistant to hostile enchantments, extremely unstealthy
A: rotting body, claws 1, carnivore 3, cold resistance 1, negative energy
resistance 3, slow healing 1, torment resistance, unbreathing
a: no special abilities


You were on level 2 of the Dungeon.
You were not hungry.

You visited 1 branch of the dungeon, and saw 2 of its levels.

You collected 59 gold pieces.

Inventory:

Armour
 c - a +0 scale mail (worn)
Jewellery
 i - a +2 ring of protection {unknown}
Scrolls
 d - a scroll of enchant armour {unknown}
 e - a scroll of remove curse {unknown}
 g - 3 scrolls of identify {unknown}
 h - 2 scrolls of fear {unknown}
 j - a scroll of amnesia {unknown}
Potions
 a - a potion of cancellation {unknown}
 k - a potion of agility {unknown}
Comestibles
 b - a meat ration
 f - a slice of pizza
 l - a chunk of flesh


   Skills:
 + Level 4.0 Fighting
 + Level 0.3 Armour
 + Level 3.4 Dodging
 - Level 2.1 Stealth
 - Level 4.8 Unarmed Combat


You had 3 spell levels left.
You didn't know any spells.

Dungeon Overview and Level Annotations

Branches:
Dungeon (2/15)

Altars:

Annotations:
D:2 Crazy Yiuf


Innate Abilities, Weirdness & Mutations

Your body is rotting away.
You thrive on raw meat.
You are immune to poison.
You have sharp fingernails.
You are carnivorous and can eat meat at any time.
Your flesh is cold resistant.
You are immune to negative energy.
You heal slowly when monsters are visible.
You are immune to unholy pain and torment.
You can survive without breathing.


Message History

Crazy Yiuf zaps a wand.
The magic dart hits you!
Crazy Yiuf screams, "Scoff!
Trifle Orb Guardian infinity."
Crazy Yiuf zaps a wand.
The magic dart hits you!
You barely miss Crazy Yiuf.
Crazy Yiuf cries, "Fire forty-two unthinkable!"
Crazy Yiuf hits you with a quarterstaff of chaos.
Crazy Yiuf freezes you.
* * * LOW HITPOINT WARNING * * *
You closely miss Crazy Yiuf. You closely miss Crazy Yiuf.
Crazy Yiuf zaps a wand.
The magic dart hits you!
* * * LOW HITPOINT WARNING * * *
You scratch Crazy Yiuf.
Crazy Yiuf begins to bleed from his wounds!
Crazy Yiuf is moderately wounded.
Crazy Yiuf barely misses you.
You scratch Crazy Yiuf.
Crazy Yiuf is moderately wounded.
Crazy Yiuf hits you with a quarterstaff of chaos.
* * * LOW HITPOINT WARNING * * *
You die...

#####
############
#)g.#
...........#
#.@.#
#..........#
#...#
#..........#
##'##
#######
...........#
♣.♣♣ #......
#..........#
♣♣.♣ #.####.
#..........#
♣.♣♣ #.# #.
#.####..##.#
♣♣.♣ #.# #.
#.#####.####
♣♣.♣♣
######.# #.
...........#
♣♣.P.♣
#.....># #.


You could see Crazy Yiuf (bleeding).

Vanquished Creatures
  3 adders (D:2)
  An ooze (D:1)
  A giant gecko (D:1)
  6 bats
  4 goblins (D:1)
  A quokka (D:2)
  A ball python (D:1)
  2 giant cockroaches (D:1)
  4 giant newts
  4 jackals (D:2)
  5 kobolds
  A rat (D:1)
  A fungus (D:2)
34 creatures vanquished.

Notes
Turn   | Place    | Note
--------------------------------------------------------------
     0 | D:1      | Fluffy the Ghoul Monk began the quest for the Orb.
     0 | D:1      | Reached XP level 1. HP: 19/19 MP: 0/0
    43 | D:1      | Reached XP level 2. HP: 17/26 MP: 1/1
   745 | D:1      | Reached XP level 3. HP: 33/33 MP: 2/2
  1425 | D:2      | Reached XP level 4. HP: 35/39 MP: 3/3
  1768 | D:2      | Noticed Crazy Yiuf
  1776 | D:2      | HP: 2/40 [Crazy Yiuf/quarterstaff of chaos (6)]
  1776 | D:2      | Slain by Crazy Yiuf

Vault maps used:
D:1:      ncdulo_wetmaze, minmay_misc_feat_more_columns
D:2:      uniq_crazy_yiuf_cottage

Action                   |  1- 3 |  4- 6 || total
-------------------------+-------+-------++-------
Melee: Unarmed           |   112 |    29 ||   141
 Stab: Sleeping          |     2 |       ||     2
  Eat: Chunk             |     8 |     1 ||     9
